 Dungeon Crawl Stone Soup version 0.27.1-3-gb3d3a73c9e (webtiles) character file.

Game seed: 16256750648604991577

58 Gabide the Slasher (level 3, 0/29 HPs)
             Began as a Demonspawn Chaos Knight on Oct 15, 2021.
             Was a Plaything of Xom.
             Slain by an orc (5 damage)
             ... on level 2 of the Dungeon.
             The game lasted 00:06:14 (1482 turns).

Gabide the Slasher (Demonspawn Chaos Knight)        Turns: 1482, Time: 00:06:15

Health: 0/29       AC:  8    Str: 15    XL:     3   Next: 75%
Magic:  3/3        EV: 11    Int: 13    God:    Xom [..*...]
Gold:   35         SH:  0    Dex: 14    Spells: 2/2 levels left

rFire    . . .     SeeInvis .   a - +0 falchion (chaos)
rCold    . . .     Faith    .   (no shield)
rNeg     . . .     Spirit   .   b - +2 leather armour
rPois    .         Reflect  .   (helmet restricted)
rElec    .         Harm     .   (no cloak)
rCorr    .         Rampage  .   (no gloves)
Will     .....                  e - +0 pair of boots
Stlth    +.........             (no amulet)
HPRegen  0.09/turn              (no ring)
MPRegen  0.08/turn              (no ring)

@: brilliant
A: claws 1, yellow scales 1, antennae 1, agile 1, strong 1
a: Renounce Religion


You were on level 2 of the Dungeon.
You worshipped Xom.
You were a toy of Xom.
You visited 1 branch of the dungeon, and saw 3 of its levels.

You collected 35 gold pieces.

Inventory:

Hand Weapons
 a - a +0 falchion of chaos (weapon)
Armour
 b - a +2 leather armour (worn)
 e - a +0 pair of boots (worn)
Scrolls
 f - a scroll of amnesia


   Skills:
 + Level 3.3 Fighting
 * Level 3.6 Long Blades
 + Level 2.2 Armour
 + Level 1.1 Dodging
 + Level 0.1 Stealth
 * Level 0.1 Unarmed Combat


You had 2 spell levels left.
You didn't know any spells.
Your spell library contained the following spells:

 Spells                   Type           Power      Damage    Failure   Level
 Static Discharge         Conj/Air       0%         N/A       50%         2
 Dispel Undead            Necr           0%         3d6       98%         4
 Sticky Flame             Conj/Fire      0%         2d3       98%         4


Dungeon Overview and Level Annotations

Branches:
Dungeon (3/15)

Altars:

Shops:
D:1 :


Innate Abilities, Weirdness & Mutations

You have sharp fingernails.
You are partially covered in yellow scales. (AC +2)
You have a pair of small antennae on your head.
You are agile. (Dex +2)
Your muscles are strong. (Str +2)


Message History

You closely miss the orc. The orc barely misses you.
You riposte.
You hit the orc.
The orc is severely wounded.
The orc hits you but does no damage. The orc hits you but does no damage.
There is an open door here.
You closely miss the orc. The orc closely misses you.
The orc hits you but does no damage.
You hit the orc but do no damage.
The orc is poisoned.
The orc hits you but does no damage.
You hit the orc. You burn the orc.
You kill the orc!
The orc hits you with a +0 club.
* * * LOW HITPOINT WARNING * * *
You barely miss the orc. The orc hits you but does no damage.
You hit the orc but do no damage. The orc barely misses you.
You closely miss the orc. The orc barely misses you.
You hit the orc.
Space warps horribly around the orc!
You kill the orc!
You closely miss the orc.
The orc is severely wounded.
The orc misses you.
You hit the orc.
You feel better.
The orc is almost dead.
The orc misses you. The orc hits you but does no damage.
You hit the orc.
You kill the orc!
You hit the orc but do no damage.
The orc seems to grow stronger.
The orc is moderately wounded.
The orc hits you with a +1 mace of protection.
* * * LOW HITPOINT WARNING * * *
It was a potion of brilliance.
You feel clever all of a sudden. The orc barely misses you.
Okay, then.
You barely miss the orc.
The orc is moderately wounded.
The orc hits you with a +1 mace of protection.
You die... "It was about time."

#.####### #.. #.....>.#
##############.. #######.##
#######...........##..
..##.....###.....'...........''..
.###.........#####........(..##..
.# #..##.##)[....#.........).##..
.# #..#####)#.##.#.....(.....##..
.# #.......)...#.#...........##..
.###.....###...#@#...........##..
.#.....#.#.....#o#...........##..
.......#.....#...#...........####
.......'.....#'###############
#......#........#
#......#........#
#......+........#
#......#...>....#
#......##########


You could see an orc (strong).

Vanquished Creatures
  A dart slug (D:1)
  6 orcs (D:2)
  5 ball pythons
  5 endoplasms
  2 goblins (D:2)
  4 hobgoblins (D:1)
  A quokka (D:1)
  2 bats
  4 frilled lizards
  2 kobolds (D:1)
  6 rats
38 creatures vanquished.

Vanquished Creatures (others)
  A hobgoblin (D:1)
1 creature vanquished.

Grand Total: 39 creatures vanquished

Notes
Turn   | Place    | Note
-------+----------+-------------------------------------------
     0 | D:1      | Gabide the Demonspawn Chaos Knight began the quest for the
                  | Orb.
     0 | D:1      | Reached XP level 1. HP: 18/18 MP: 1/1
     2 | D:1      | XOM: divination: magic mapping
   180 | D:1      | Gained mutation: You have sharp fingernails. [demonic
                  | ancestry]
   180 | D:1      | Reached XP level 2. HP: 24/24 MP: 2/2
   206 | D:1      | XOM: silly message
   295 | D:1      | XOM: divination: detect creatures
   362 | D:1      | Reached skill level 1 in Dodging
   434 | D:1      | Found a faded altar of an unknown god.
   516 | D:1      | Found Pippoish's Book Emporium.
   863 | D:1      | XOM: silly message
   881 | D:1      | XOM: divination: detect creatures
   935 | D:2      | Gained mutation: You are partially covered in yellow
                  | scales. (AC +2) [demonic ancestry]
   935 | D:2      | Reached XP level 3. HP: 26/29 MP: 3/3
  1024 | D:2      | XOM: butterfly on damage
  1280 | D:2      | XOM: divination: detect creatures
  1459 | D:3      | Gained mutation: You are agile. (Dex +2) [potion of
                  | mutation]
  1459 | D:3      | Gained mutation: Your muscles are strong. (Str +2) [potion
                  | of mutation]
  1459 | D:3      | Gained mutation: You have a pair of small antennae on your
                  | head. [potion of mutation]
  1482 | D:2      | Slain by an orc

Illustrated notes

Levels and vault maps discovered:
D:1:      dpeg_arrival_central, layout_basic, serial_shops,
          nicolae_diamond_shop, shapermc_ecumenical_altar_totnotflames,
          minivault_4
D:2:      layout_basic, uniq_terence
D:3:      layout_basic, nzn_wu_jian_contemplation, lightli_sewer_entry_pipes,
          uniq_ijyb

Skill      XL: |  1  2 |
---------------+-------+-----
Long Blades    | 3 |  3.6
Armour         | 2 |  2.2
Dodging        | 1 |  1.1
Fighting       | |  3.3
Stealth        | |  0.1
Unarmed Combat | |  0.1

Action                   || total
-------------------------++-------
Melee: Falchion          ||    93
  Use: Scroll            ||     2
       Potion            ||     2
 Stab: Paralysed         ||     1
Armor: Leather armour    ||    40
Dodge: Dodged            ||    64
       Rpst.: Falchion   ||    24
